TOP OF THE 1ST |
Bakersfield Nobles batting - Pitching for Royse City Targaryens : RHP Kelsey MacGillivary
|
Pitching: RHP Kelsey MacGillivary
|
|
Batting: RHB Alfredo García
|
0-0: Ground out 5-3 (Groundball, 56)
|
Batting: LHB Hideki Hisanobu
|
0-0: Swinging Strike 0-1: Foul Ball, location: 2F 0-2: Fly out, F9 (Line Drive, 9)
|
Batting: LHB Theo Fightmaster
|
0-0: Ball 1-0: Ball 2-0: Called Strike 2-1: Ball 3-1: Ground out 6-3 (Groundball, 6)
|
Top of the 1st over - 0 runs, 0 hits, 0 errors, 0 left on base; Bakersfield 0 - Royse City 0 |
BOTTOM OF THE 1ST |
Royse City Targaryens batting - Pitching for Bakersfield Nobles : RHP Marcos López
|
Pitching: RHP Marcos López
|
|
Batting: RHB Albert Covington
|
0-0: Ball 1-0: Ground out 4-3 (Groundball, 4S)
|
Batting: LHB José Vargas
|
0-0: Foul Ball, location: 2F 0-1: Foul Ball, location: 2F 0-2: Ball 1-2: Ball 2-2: Foul Ball, location: 2F 2-2: Foul Ball, location: 2F 2-2: Strikes out looking
|
Batting: SHB Corey Neace
|
0-0: Ball 1-0: Ball 2-0: Called Strike 2-1: Foul Ball, location: 2F 2-2: Fly out, F8 (Flyball, 8LD)
|
Bottom of the 1st over - 0 runs, 0 hits, 0 errors, 0 left on base; Bakersfield 0 - Royse City 0 |
TOP OF THE 2ND |
Bakersfield Nobles batting - Pitching for Royse City Targaryens : RHP Kelsey MacGillivary
|
Batting: LHB Jorge Alejándrez
|
0-0: Ball 1-0: Ball 2-0: Foul Ball, location: 2F 2-1: Ball 3-1: Ground out 4-3 (Groundball, 4)
|
Batting: RHB Martinus Xhaka
|
0-0: Fly out, F8 (Flyball, 8LXD)
|
Batting: RHB António Ramírez
|
0-0: Called Strike 0-1: Ball 1-1: Fly out, F7 (Line Drive, 7D)
|
Top of the 2nd over - 0 runs, 0 hits, 0 errors, 0 left on base; Bakersfield 0 - Royse City 0 |
BOTTOM OF THE 2ND |
Royse City Targaryens batting - Pitching for Bakersfield Nobles : RHP Marcos López
|
Batting: LHB Gonzalo Álvarez
|
0-0: Swinging Strike 0-1: Ground out 5-3 (Groundball, 56)
|
Batting: SHB Miguel Herrera
|
0-0: Foul Ball, location: 2F 0-1: Ball 1-1: Ball 2-1: Foul Ball, location: 2F 2-2: Fly out, F8 (Flyball, 8LD)
|
Batting: RHB Bryant Skelly
|
0-0: Called Strike 0-1: Ground out 6-3 (Groundball, 6)
|
Bottom of the 2nd over - 0 runs, 0 hits, 0 errors, 0 left on base; Bakersfield 0 - Royse City 0 |
TOP OF THE 3RD |
Bakersfield Nobles batting - Pitching for Royse City Targaryens : RHP Kelsey MacGillivary
|
Batting: RHB Mario Blanco
|
0-0: Ball 1-0: Foul Ball, location: 2F 1-1: Ball 2-1: Swinging Strike 2-2: Ball 3-2: Strikes out swinging
|
Batting: RHB Omer Yurtseven
|
0-0: Called Strike 0-1: Ball 1-1: Swinging Strike 1-2: Strikes out swinging
|
Batting: RHB Yosuke Hayashi
|
0-0: Ground out 5-3 (Groundball, 5D)
|
Top of the 3rd over - 0 runs, 0 hits, 0 errors, 0 left on base; Bakersfield 0 - Royse City 0 |
BOTTOM OF THE 3RD |
Royse City Targaryens batting - Pitching for Bakersfield Nobles : RHP Marcos López
|
Batting: LHB Jeff Lawson
|
0-0: Ground out U3 (Groundball, 34S)
|
Batting: RHB Diego Bonilla
|
0-0: Foul Ball, location: 2F 0-1: Ground out 4-3 (Groundball, 4)
|
Batting: RHB Fernando Rivera
|
0-0: Ball 1-0: Called Strike 1-1: Ball 2-1: Ground out 4-3 (Groundball, 4)
|
Bottom of the 3rd over - 0 runs, 0 hits, 0 errors, 0 left on base; Bakersfield 0 - Royse City 0 |
TOP OF THE 4TH |
Bakersfield Nobles batting - Pitching for Royse City Targaryens : RHP Kelsey MacGillivary
|
Batting: RHB Alfredo García
|
0-0: Ground out 4-3 (Groundball, 4)
|
Batting: LHB Hideki Hisanobu
|
0-0: Ball 1-0: Called Strike 1-1: SINGLE (Groundball, 6D)
|
Batting: LHB Theo Fightmaster
|
0-0: SINGLE (Line Drive, 89S) Hideki Hisanobu to second Runner from 2nd tries for 3rd, SAFE, no throw
|
Batting: LHB Jorge Alejándrez
|
0-0: Foul Ball, location: 2F 0-1: Ball 1-1: Ball 2-1: Foul Ball, location: 2F 2-2: Ball 3-2: Foul Ball, location: 2F 3-2: SINGLE (Groundball, 6MD) Hideki Hisanobu scores Theo Fightmaster to second
|
Batting: RHB Martinus Xhaka
|
0-0: Foul Ball, location: 2F 0-1: Hit by Pitch Theo Fightmaster to third Jorge Alejándrez to second
|
Batting: RHB António Ramírez
|
0-0: Called Strike 0-1: Ball 1-1: Ball 2-1: Fielders Choice at 2nd, 4-6 (Groundball, 4M) Theo Fightmaster scores Jorge Alejándrez to third
|
Batting: RHB Mario Blanco
|
0-0: Foul Ball, location: 2F 0-1: Called Strike 0-2: Ball 1-2: Fly out, F6 (Flyball, 6D)
|
Top of the 4th over - 2 runs, 3 hits, 0 errors, 2 left on base; Bakersfield 2 - Royse City 0 |
BOTTOM OF THE 4TH |
Royse City Targaryens batting - Pitching for Bakersfield Nobles : RHP Marcos López
|
Batting: RHB Albert Covington
|
0-0: Ball 1-0: Foul Ball, location: 2F 1-1: Ball 2-1: Called Strike 2-2: Foul Ball, location: 2F 2-2: Ball 3-2: Ground out 4-3 (Groundball, 4S)
|
Batting: LHB José Vargas
|
0-0: SOLO HOME RUN (Flyball, 9LD), Distance : 351 ft
|
Batting: SHB Corey Neace
|
0-0: Ball 1-0: Ground out 6-3 (Groundball, 6)
|
Batting: LHB Gonzalo Álvarez
|
0-0: Foul Ball, location: 2F 0-1: Hit by Pitch
|
Batting: SHB Miguel Herrera
|
0-0: SINGLE (Line Drive, 34D) Gonzalo Álvarez to second Runner from 2nd tries for 3rd, SAFE, no throw
|
Batting: RHB Bryant Skelly
|
0-0: Ball 1-0: Ball 2-0: Ball 3-0: Base on Balls Miguel Herrera to second
|
Batting: LHB Jeff Lawson
|
0-0: Called Strike 0-1: Fly out, F8 (Flyball, 78D)
|
Bottom of the 4th over - 1 run, 2 hits, 0 errors, 3 left on base; Bakersfield 2 - Royse City 1 |
TOP OF THE 5TH |
Bakersfield Nobles batting - Pitching for Royse City Targaryens : RHP Kelsey MacGillivary
|
Batting: RHB Omer Yurtseven
|
0-0: Called Strike 0-1: SINGLE (Line Drive, 6M)
|
Batting: RHB Yosuke Hayashi
|
0-0: Grounds into double play, 6-4-3 (Groundball, 56)
|
Batting: RHB Alfredo García
|
0-0: Swinging Strike 0-1: Ball 1-1: Ball 2-1: Ball 3-1: Base on Balls
|
Batting: LHB Hideki Hisanobu
|
0-0: Ball 1-0: Called Strike 1-1: Foul Ball, location: 2F 1-2: Ball 2-2: Ball 3-2: Base on Balls Alfredo García to second
|
Batting: LHB Theo Fightmaster
|
0-0: Called Strike 0-1: Called Strike 0-2: Ball 1-2: Ball 2-2: Strikes out looking
|
Top of the 5th over - 0 runs, 1 hit, 0 errors, 2 left on base; Bakersfield 2 - Royse City 1 |
BOTTOM OF THE 5TH |
Royse City Targaryens batting - Pitching for Bakersfield Nobles : RHP Marcos López
|
Batting: RHB Diego Bonilla
|
0-0: Foul Ball, location: 2F 0-1: Called Strike 0-2: Foul Ball, location: 2F 0-2: Ground out 4-3 (Groundball, 34)
|
Batting: RHB Fernando Rivera
|
0-0: Ball 1-0: Ball 2-0: Ground out 5-3 (Groundball, 56)
|
Batting: RHB Albert Covington
|
0-0: Ball 1-0: Called Strike 1-1: Reached on error, E8 (Flyball, 8RM)
|
Batting: LHB José Vargas
|
0-0: Called Strike 0-1: Hit by Pitch
|
Batting: SHB Corey Neace
|
0-0: Called Strike 0-1: SINGLE (Line Drive, 8LS) Albert Covington to third José Vargas to second Runner from 3rd tries for Home, SAFE, throw made home
|
Batting: LHB Gonzalo Álvarez
|
0-0: Called Strike 0-1: Ball 1-1: Ball 2-1: Fielders Choice at 2nd, 5-4 (Groundball, 56)
|
Bottom of the 5th over - 1 run, 1 hit, 1 error, 2 left on base; Bakersfield 2 - Royse City 2 |
TOP OF THE 6TH |
Bakersfield Nobles batting - Pitching for Royse City Targaryens : RHP Kelsey MacGillivary
|
Batting: LHB Jorge Alejándrez
|
0-0: Ball 1-0: Ball 2-0: Called Strike 2-1: Foul Ball, location: 2F 2-2: Ball 3-2: Strikes out looking
|
Batting: RHB Martinus Xhaka
|
0-0: Called Strike 0-1: Called Strike 0-2: Ground out 5-3 (Groundball, 25)
|
Batting: RHB António Ramírez
|
0-0: DOUBLE (Flyball, 8RXD)
|
Batting: RHB Mario Blanco
|
0-0: Ground out 6-3 (Groundball, 6)
|
Top of the 6th over - 0 runs, 1 hit, 0 errors, 1 left on base; Bakersfield 2 - Royse City 2 |
BOTTOM OF THE 6TH |
Royse City Targaryens batting - Pitching for Bakersfield Nobles : RHP Marcos López
|
Batting: SHB Miguel Herrera
|
0-0: Swinging Strike 0-1: SINGLE (Line Drive, 6MD)
|
Batting: RHB Bryant Skelly
|
0-0: Bunted foul 0-1: Bunted foul 0-2: Foul Ball, location: 2F 0-2: Ball 1-2: Ground out 2-3 (Groundball, 15S) Miguel Herrera to second
|
Batting: LHB Jeff Lawson
|
0-0: Ball 1-0: Swinging Strike 1-1: Foul Ball, location: 2F 1-2: Ground out 3-1 (Groundball, 34S) Miguel Herrera to third
|
Batting: RHB Diego Bonilla
|
0-0: Foul Ball, location: 2F 0-1: Hit by Pitch
|
Batting: RHB Fernando Rivera
|
0-0: Ball 1-0: Fielders Choice at 2nd, 6-4 (Groundball, 6)
|
Bottom of the 6th over - 0 runs, 1 hit, 0 errors, 2 left on base; Bakersfield 2 - Royse City 2 |
TOP OF THE 7TH |
Bakersfield Nobles batting - Pitching for Royse City Targaryens : RHP Kelsey MacGillivary
|
Batting: RHB Omer Yurtseven
|
0-0: Ball 1-0: DOUBLE (Line Drive, 89D)
|
Batting: RHB Yosuke Hayashi
|
0-0: Ball 1-0: Swinging Strike 1-1: SINGLE (Line Drive, 7S) Omer Yurtseven to third
|
Batting: RHB Alfredo García
|
0-0: Ball 1-0: Ground out 5-3 (Groundball, 56S) Yosuke Hayashi to second
|
Batting: LHB Hideki Hisanobu
|
0-0: Called Strike 0-1: Fly out, F4 (Line Drive, 4)
|
Batting: LHB Theo Fightmaster
|
0-0: Ground out U3 (Groundball, 3)
|
Top of the 7th over - 0 runs, 2 hits, 0 errors, 2 left on base; Bakersfield 2 - Royse City 2 |
BOTTOM OF THE 7TH |
Royse City Targaryens batting - Pitching for Bakersfield Nobles : RHP Marcos López
|
Pinch Hitting: RHB Javier Chávez
|
0-0: Ball 1-0: Foul Ball, location: 2F 1-1: Ball 2-1: Swinging Strike 2-2: Ball 3-2: SOLO HOME RUN (Flyball, 9D), Distance : 345 ft
|
Batting: LHB José Vargas
|
0-0: Ball 1-0: Ball 2-0: Foul Ball, location: 2F 2-1: Ball 3-1: Called Strike 3-2: SOLO HOME RUN (Flyball, 89XD), Distance : 388 ft
|
Pitching: LHP Bastiăo Shwerin
|
|
Batting: SHB Corey Neace
|
0-0: Foul Ball, location: 2F 0-1: Foul Ball, location: 2F 0-2: Ball 1-2: Fly out, F8 (Flyball, 8RM)
|
Batting: LHB Gonzalo Álvarez
|
0-0: Fly out, F4 (Popup, 4M)
|
Batting: SHB Miguel Herrera
|
0-0: Foul Ball, location: 2F 0-1: Ball 1-1: Swinging Strike 1-2: Strikes out swinging
|
Bottom of the 7th over - 2 runs, 2 hits, 0 errors, 0 left on base; Bakersfield 2 - Royse City 4 |
TOP OF THE 8TH |
Bakersfield Nobles batting - Pitching for Royse City Targaryens : RHP Kelsey MacGillivary
|
Now at 3B: Javier Chávez
|
|
Batting: LHB Jorge Alejándrez
|
0-0: Foul Ball, location: 2F 0-1: SINGLE (Line Drive, 34D)
|
Batting: RHB Martinus Xhaka
|
0-0: Foul Ball, location: 2F 0-1: Ball 1-1: Ball 2-1: Ball 3-1: Base on Balls Jorge Alejándrez to second
|
Pinch Hitting: RHB Gabriel Maldonado
|
0-0: Ball 1-0: Ball 2-0: Ball 3-0: Base on Balls Jorge Alejándrez to third Martinus Xhaka to second
|
Batting: RHB Mario Blanco
|
0-0: Swinging Strike 0-1: Swinging Strike 0-2: Foul Ball, location: 2F 0-2: Fly out, F5 (Line Drive, 5)
|
Pitching: RHP Kirby Brown
|
|
Batting: RHB Omer Yurtseven
|
0-0: Ball 1-0: Swinging Strike 1-1: Foul Ball, location: 2F 1-2: Ball 2-2: Foul Ball, location: 2F 2-2: Strikes out swinging
|
Batting: RHB Yosuke Hayashi
|
0-0: Ball 1-0: SINGLE (Groundball, 56D) Jorge Alejándrez scores Martinus Xhaka to third Gabriel Maldonado to second Runner from 3rd tries for Home, SAFE, throw made home
|
Batting: RHB Alfredo García
|
0-0: Swinging Strike 0-1: Ball 1-1: Swinging Strike 1-2: Fly out, F7 (Flyball, 7S)
|
Top of the 8th over - 2 runs, 2 hits, 0 errors, 2 left on base; Bakersfield 4 - Royse City 4 |
BOTTOM OF THE 8TH |
Royse City Targaryens batting - Pitching for Bakersfield Nobles : LHP Bastiăo Shwerin
|
Now in CF: Keith Best
|
|
Batting: RHB Bryant Skelly
|
0-0: Ball 1-0: Foul Ball, location: 2F 1-1: Ball 2-1: Foul Ball, location: 2F 2-2: Ball 3-2: Foul Ball, location: 2F 3-2: Foul Ball, location: 2F 3-2: Base on Balls
|
Batting: LHB Jeff Lawson
|
0-0: Ball 1-0: Ball 2-0: Sac Bunt - play at first, batter OUT! 1-4 Bryant Skelly to second
|
Batting: RHB Diego Bonilla
|
0-0: Intentional Walk
|
Batting: RHB Fernando Rivera
|
0-0: Ball 1-0: Hit by Pitch Bryant Skelly to third Diego Bonilla to second
|
Batting: RHB Javier Chávez
|
0-0: Fly out, F8 (Flyball, 89D) Runner from 3rd tags up, SCORES, no throw
|
Batting: LHB José Vargas
|
0-0: Ball 1-0: Swinging Strike 1-1: Ball 2-1: Ball 3-1: Foul Ball, location: 2F 3-2: Foul Ball, location: 2F 3-2: Base on Balls Diego Bonilla to third Fernando Rivera to second
|
Pinch Hitting: RHB Charlie Rhodes
|
0-0: Ball 1-0: Called Strike 1-1: Fielders Choice at 2nd, 6-4 (Groundball, 6)
|
Bottom of the 8th over - 1 run, 0 hits, 0 errors, 3 left on base; Bakersfield 4 - Royse City 5 |
TOP OF THE 9TH |
Bakersfield Nobles batting - Pitching for Royse City Targaryens : RHP Kirby Brown
|
Now at 2B: Felipe Campos
|
|
Batting: LHB Hideki Hisanobu
|
0-0: Ball 1-0: Called Strike 1-1: Called Strike 1-2: Ball 2-2: Ball 3-2: Foul Ball, location: 2F 3-2: Strikes out swinging
|
Batting: LHB Theo Fightmaster
|
0-0: Ball 1-0: Called Strike 1-1: Ball 2-1: Ball 3-1: Swinging Strike 3-2: Base on Balls
|
Batting: LHB Jorge Alejándrez
|
0-0: Called Strike 0-1: SINGLE (Line Drive, 56) Theo Fightmaster to second
|
Pinch Hitting: LHB Ramiro Ramos
|
0-0: Ball 1-0: Swinging Strike 1-1: Ball 2-1: Ground out 4-3 (Groundball, 4MS) Theo Fightmaster to third Jorge Alejándrez to second
|
Batting: RHB Keith Best
|
0-0: Ball 1-0: Called Strike 1-1: Ground out 5-3 (Groundball, 56)
|
Top of the 9th over - 0 runs, 1 hit, 0 errors, 2 left on base; Bakersfield 4 - Royse City 5 |
|